 Dungeon Crawl Stone Soup version 0.31.0-12-g77e489cdc1 (webtiles) character file.

Game seed: 1030866014038246709

62 sheepcloth the Covered (level 3, -2/26 HPs)
             Began as a Demonspawn Wanderer on Feb 14, 2024.
             Incinerated by a bombardier beetle (10 damage)
             ... with a burning spray
             ... on level 4 of the Dungeon.
             The game lasted 00:09:23 (2726 turns).

sheepcloth the Covered (Demonspawn Wanderer)        Turns: 2726, Time: 00:09:26

Health: -2/26      AC:  2    Str: 10    XL:     3   Next: 85%
Magic:  0/4        EV: 11    Int: 17    God:
Gold:   103        SH:  0    Dex: 11    Spells: 0/4 levels left

rFire   x . .        a - +2 short sword
rCold   + . .        (no shield)
rNeg    . . .        e - +0 robe
rPois   .            (no helmet)
rElec   .            (no cloak)
rCorr   .            (no gloves)
SInv    .            (no boots)
Will    .....        (no amulet)
Stlth   +            k - ring of ice
HPRegen 0.24/turn    r - ring of wizardry
MPRegen 0.18/turn

%: wizardry (x1)
@: on fire, glowing
A: magic regeneration
a: no special abilities


You were on level 4 of the Dungeon.
You visited 2 branches of the dungeon, and saw 5 of its levels.

You collected 103 gold pieces.

Inventory:

Hand Weapons
 a - a +2 short sword (weapon)
 c - a +0 dagger
Missiles
 b - 8 boomerangs
Armour
 e - a +0 robe (worn)
Jewellery
 k - a ring of ice (left hand)
 r - a ring of wizardry (right hand)
Talismans
 l - a blade talisman
Scrolls
 f - 3 scrolls of fog {unknown}
 m - a scroll of teleportation
 o - a scroll of noise {unknown}
 p - 2 scrolls of blinking {unknown}
Potions
 d - a potion of curing
 g - a potion of degeneration {unknown}
 h - 2 potions of resistance {unknown}
 i - a potion of lignification
 j - 2 potions of brilliance
 n - a potion of invisibility {unknown}
 q - 2 potions of mutation {unknown}


   Skills:
 - Level 1.0 Fighting
 - Level 1.7 Short Blades
 - Level 1.0 Throwing
 - Level 2.6 Armour
 - Level 1.0 Dodging
 - Level 1.0 Spellcasting
 + Level 2.4 Conjurations
 + Level 2.4 Earth Magic


You couldn't memorise any spells.
You knew the following spells:

 Your Spells              Type           Power      Damage    Failure   Level
a - Sandblast             Erth           18%        2d7       3%          1
b - Stone Arrow           Conj/Erth      18%        3d8       10%         3

Your spell library contained the following spells:

 Spells                   Type           Power      Damage    Failure   Level
 Sting                    Conj/Alch      16%        1d4       5%          1
 Apportation              Tloc           0%         N/A       9%          1
 Necrotise                Necr           0%         1d4       9%          1
 Summon Small Mammal      Summ           0%         N/A       9%          1


Dungeon Overview and Level Annotations

Branches:
Dungeon (4/15)             Temple (1/1) D:4

Altars:
Cheibriados
Gozag
Hepliaklqana
Nemelex Xobeh
Qazlal
Ru
Trog
Wu Jian


Innate Abilities, Weirdness & Mutations

You regenerate magic rapidly.


Message History

The blast of sand hits the bombardier beetle but does no damage.
The blast of sand hits the bombardier beetle but does no damage.
The bombardier beetle barely misses you.
The blast of sand hits the bombardier beetle but does no damage.
The bombardier beetle barely misses you.
The blast of sand hits the bombardier beetle but does no damage.
The bombardier beetle barely misses you.
The blast of sand hits the bombardier beetle!
The bombardier beetle is moderately wounded.
You are out of magic!
You hit the bombardier beetle.
The bombardier beetle is heavily wounded.
The bombardier beetle misses you.
You hit the bombardier beetle.
The bombardier beetle is severely wounded.
The bombardier beetle sprays incendiary fluid at you.
The burning spray hits you.
You are covered in liquid fire!
You barely miss the bombardier beetle.
The bombardier beetle is severely wounded.
The liquid fire burns you!
You hit the bombardier beetle.
The bombardier beetle is almost dead.
The liquid fire burns you! The bombardier beetle bites you.
You hit the bombardier beetle.
The bombardier beetle is almost dead.
The liquid fire burns you!
You are too injured to fight recklessly!
You are too injured to fight recklessly!
Unknown command.
Casting: Sandblast (safe; 3% risk of failure)
Confirm with . or Enter, or press ? or * to list all spells.
Aiming: Sandblast (safe; 3% risk of failure)
Press: ? - help, Shift-Dir - straight line, f/p - bombardier beetle
Aim: a bombardier beetle (almost dead, 88% to hit)
The blast of sand hits the bombardier beetle.
You kill the bombardier beetle!
The liquid fire burns you!
You die...

.......)# ###
.......# ...
......# ... $....#
... ....# ... ###
...
##########.#####†#
.#..#...<#...#..@#
.#..#....'...#...#
.#..##..##..(##'##
.#..##[.##...##..#
.#...........#...#
##...........#...#
##+###..##...##..#
..§~~..+##...##..#
.~§§~~...........#


There were no monsters in sight!

Vanquished Creatures
  A bombardier beetle (D:4)
  An adder (D:1)
  A dart slug (D:2)
  2 orcs
  5 ball pythons
  4 endoplasms
  2 giant cockroaches
  2 goblins
  6 hobgoblins
  4 jackals (D:3)
  2 quokkas
  4 bats
  3 frilled lizards
  6 kobolds
  4 rats
47 creatures vanquished.

Notes
Turn   | Place    | Note
-------+----------+-------------------------------------------
     0 | D:1      | sheepcloth the Demonspawn Wanderer began the quest for the
                  | Orb.
     0 | D:1      | sheepcloth set off with the following items: a +2 short
                  | sword, 6 boomerangs, a +0 dagger, a potion of curing, a +0
                  | robe; and the following spell memorised: Sandblast; and the
                  | following spells available to memorise: Stone Arrow.
     0 | D:1      | Reached XP level 1. HP: 15/15 MP: 2/2
   169 | D:1      | Found a faded altar of an unknown god.
   193 | D:1      | Reached skill level 1 in Conjurations
   319 | D:1      | Gained mutation: You regenerate magic rapidly. [demonic
                  | ancestry]
   319 | D:1      | Reached XP level 2. HP: 21/21 MP: 0/3
   914 | D:2      | Found a snail-covered altar of Cheibriados.
   921 | D:2      | Reached XP level 3. HP: 20/26 MP: 0/4
  1868 | D:3      | Learned a level 3 spell: Stone Arrow
  2541 | D:4      | Found a staircase to the Ecumenical Temple.
  2561 | Temple   | Entered the Ecumenical Temple
  2726 | D:4      | Incinerated by a bombardier beetle

Illustrated notes

Levels and vault maps discovered:
D:1:      lightli_arrival_statuegarden, layout_basic, basic_ecumenical_altar,
          serial_bayou_pond_c
D:2:      layout_loops_ring, basic_altar
D:3:      layout_basic
D:4:      layout_gridville, fedhas_ov_isle_minmay, lemuel_round_altar,
          minmay_temple_entry_mist, gammafunk_ghost_abyssal_escape
Temple:   jpeg_temple_island

Skill      XL: |  1  2  3 |
---------------+----------+-----
Conjurations   | 1 2 |  2.4
Earth Magic    | 2 |  2.4
Fighting       | |  1.0
Short Blades   | |  1.7
Throwing       | |  1.0
Armour         | |  2.6
Dodging        | |  1.0
Spellcasting   | |  1.0

Action                     || total
---------------------------++-------
  Melee: Short sword       ||    40
   Cast: Sandblast         ||    66
    Use: Scroll            ||     4
 Armour: Robe              ||    49
  Dodge: Dodged            ||    59
